 Dungeon Crawl Stone Soup version 0.24.0-13-gcf9b319 (webtiles) character file.

Game seed: 12987973647539465516, levelgen mode: deterministic

2872 Reptilex the Cleaver (level 9, -2/78 HPs)
             Began as a Minotaur Berserker on May 15, 2020.
             Was an Elder of Trog.
             Shot with an arrow by a centaur (8 damage)
             ... while paralysed by Maurice
             ... on level 8 of the Dungeon on May 16, 2020.
             The game lasted 00:18:49 (6420 turns).

Reptilex the Cleaver (Minotaur Berserker)           Turns: 6420, Time: 00:18:50

Health: -2/78      AC: 19    Str: 22    XL:     9   Next: 47%
Magic:  8/8        EV:  2    Int:  4    God:    Trog [****..]
Gold:   346        SH:  0    Dex: 13    Spells: 8/8 levels left

rFire    . . .     SeeInvis .   b - +0 hunting sling
rCold    . . .     Gourm    .   (no shield)
rNeg     . . .     Faith    .   A - +2 plate armour
rPois    .         Spirit   .   (helmet restricted)
rElec    .         Reflect  .   d - +1 cloak
rCorr    .         Harm     .   o - +0 pair of gloves
MR       +....                  (no boots)
Stlth    ..........             (no amulet)
HPRegen  0.23/turn              z - ring of protection from magic
MPRegen  0.11/turn              (no ring)

@: paralysed
A: retaliatory headbutt, horns 2
a: Berserk, Trog's Hand, Brothers in Arms, Renounce Religion


You were on level 8 of the Dungeon.
You worshipped Trog.
Trog was greatly pleased with you.
You were not hungry.

You visited 1 branch of the dungeon, and saw 8 of its levels.

You collected 346 gold pieces.

Inventory:

Hand Weapons
 a - a +2 war axe of flaming
 b - a +0 hunting sling (weapon)
 g - a +2 morningstar of holy wrath
Missiles
 e - 7 boomerangs
 j - 12 sling bullets (quivered)
 l - 199 stones
Armour
 d - a +1 cloak (worn)
 o - a +0 pair of gloves (worn)
 A - a +2 plate armour (worn)
Jewellery
 z - a ring of protection from magic (left hand)
Wands
 C - a wand of enslavement (6)
Scrolls
 i - 5 scrolls of remove curse
 k - a scroll of brand weapon {unknown}
 s - a scroll of identify
 t - a scroll of amnesia {unknown}
 u - 3 scrolls of teleportation
 w - 5 scrolls of fear {unknown}
 y - 2 scrolls of noise {unknown}
Potions
 f - 3 potions of degeneration {unknown}
 h - a potion of mutation {unknown}
 m - 2 potions of invisibility {unknown}
 n - 4 potions of curing {unknown}
 p - a potion of resistance {unknown}
 q - a potion of heal wounds {unknown}
 r - 2 potions of cancellation {unknown}
 v - a potion of haste {unknown}
 x - 2 potions of magic {unknown}
 B - 2 potions of lignification {unknown}
Comestibles
 c - 5 rations


   Skills:
 + Level 6.7 Fighting
 * Level 11.6 Axes
 - Level 1.3(7.6) Maces & Flails
 - Level 1.3 Throwing
 * Level 8.7 Armour
 + Level 3.4 Dodging
 + Level 1.0 Stealth


You had 8 spell levels left.
You didn't know any spells.
Your spell library was empty.

Dungeon Overview and Level Annotations

Branches:
Dungeon (8/15)             Temple (0/1) D:7
   Lair: D:8-11

Altars:
Cheibriados
Elyvilon
Kikubaaqudgha
Ru
Uskayaw
Vehumet
Xom
Yredelemnul

Shops:
D:6 (   D:7 }

Annotations:
D:6 3 runed translucent doors, BlaiseRascal's ghost, amateur DsWz
D:8 Maurice


Innate Abilities, Weirdness & Mutations

You reflexively headbutt those who attack you in melee.
You have a pair of horns on your head.


Message History

You suddenly lose the ability to move!
The centaur shoots an arrow.
The arrow hits you but does no damage.
The centaur shoots an arrow.
The arrow hits you but does no damage.
The centaur shoots an arrow.
The arrow hits you.
The centaur shoots an arrow.
The arrow hits you but does no damage.
The centaur shoots an arrow.
The arrow hits you!
The centaur shoots an arrow.
The arrow hits you but does no damage.
The centaur shoots an arrow.
The arrow hits you.
Maurice zaps a wand.
You resist with almost no effort.
The centaur shoots an arrow.
The arrow hits you.
The centaur shoots an arrow.
The arrow hits you!
* * * LOW HITPOINT WARNING * * *
The centaur shoots an arrow.
The arrow hits you.
* * * LOW HITPOINT WARNING * * *
Maurice zaps a wand.
You resist with almost no effort.
The centaur shoots an arrow.
The arrow hits you.
* * * LOW HITPOINT WARNING * * *
The centaur shoots an arrow.
The arrow barely misses you.
The centaur shoots an arrow.
The arrow hits you but does no damage.
The centaur shoots an arrow.
The arrow hits you!
You die...

.. ... #######
... .... #.....#
..##..### #....†#
#.≈≈≈≈≈≈≈ +.....#
#.≈≈≈≈≈≈≈ #.....#
#.≈≈≈≈≈≈≈
+....<###.≈≈≈≈≈≈@
#......((.≈≈≈≈≈c≈
###+##..(@≈≈≈≈≈c.
#....≈≈≈≈≈..
####.≈≈≈≈c..
#.≈≈≈≈≈≈≈
#.≈≈≈≈≈≈≈
#.≈≈≈≈≈≈≈
..≈≈≈≈≈≈≈
#.≈≈≈≈≈≈≈


You could see Maurice and 3 centaurs.

Vanquished Creatures
  A hippogriff (D:7)
  Prince Ribbit (D:7)
  Sigmund (D:2)
  Menkaure (D:4)
  An orc warrior (D:6)
  A black bear (D:5)
  A sky beast (D:8)
  2 necrophages
  5 ogres
  2 phantoms
  4 bullfrogs
  5 wights
  A howler monkey (D:5)
  A centaur zombie (D:6)
  A bullfrog zombie (D:6)
  2 crimson imps (D:6)
  2 orc priests (D:4)
  A centaur skeleton (D:7)
  2 hounds (D:7)
  2 worker ants
  4 orc wizards
  7 gnolls
  6 adders
  A shadow imp (D:7)
  An ooze (D:2)
  An adder zombie (D:5)
  An adder skeleton (D:5)
  4 worms
  A dart slug (D:3)
  2 leopard geckos
  11 orcs
  4 giant cockroaches
  11 goblins
  9 hobgoblins
  2 jackals (D:2)
  4 quokkas
  4 ball pythons
  12 bats
  7 frilled lizards
  A giant cockroach zombie (D:4)
  A jackal zombie (D:4)
  9 kobolds
  A quokka skeleton (D:4)
  7 rats
148 creatures vanquished.

Notes
Turn   | Place    | Note
-------+----------+-------------------------------------------
     0 | D:1      | Reptilex the Minotaur Berserker began the quest for the
                  | Orb.
     0 | D:1      | Reached XP level 1. HP: 19/19 MP: 0/0
   158 | D:1      | Reached skill level 4 in Axes
   158 | D:1      | Reached XP level 2. HP: 19/27 MP: 1/1
   767 | D:2      | Noticed Sigmund
   776 | D:2      | Reached XP level 3. HP: 23/33 MP: 2/2
   777 | D:2      | Killed Sigmund
   777 | D:2      | Reached skill level 6 in Axes
   777 | D:2      | Reached XP level 4. HP: 12/41 MP: 3/3
   777 | D:2      | Reached XP level 5. HP: 14/47 MP: 4/4
  1141 | D:2      | Reached ** piety under Trog
  1642 | D:2      | Found a snail-covered altar of Cheibriados.
  1642 | D:2      | Found a radiant altar of Vehumet.
  1683 | D:3      | Found a shimmering altar of Xom.
  1777 | D:3      | Reached XP level 6. HP: 49/53 MP: 5/5
  1784 | D:3      | Reached *** piety under Trog
  2418 | D:3      | Reached skill level 7 in Axes
  2497 | D:4      | Found a white marble altar of Elyvilon.
  2857 | D:4      | Found a transporter.
  2871 | D:4      | Found a transporter.
  2880 | D:4      | Noticed Menkaure
  2880 | D:4      | Found a basalt altar of Yredelemnul.
  2880 | D:4      | Found an ancient bone altar of Kikubaaqudgha.
  2888 | D:4      | Killed Menkaure
  2888 | D:4      | Reached skill level 5 in Fighting
  2888 | D:4      | Reached XP level 7. HP: 61/61 MP: 6/6
  2889 | D:4      | Reached skill level 8 in Axes
  2977 | D:4      | Reached skill level 1 in Throwing
  3578 | D:5      | Entered Level 5 of the Dungeon
  3586 | D:5      | Reached skill level 5 in Armour
  3658 | D:5      | Reached skill level 1 in Maces & Flails
  3790 | D:5      | Reached XP level 8. HP: 57/68 MP: 7/7
  3870 | D:5      | Reached skill level 9 in Axes
  4108 | D:5      | Found a sacrificial altar of Ru.
  4811 | D:6      | Found a hide-covered altar of Uskayaw.
  4847 | D:6      | Reached skill level 1 in Stealth
  4847 | D:6      | Reached **** piety under Trog
  4847 | D:6      | Reached skill level 10 in Axes
  4875 | D:6      | Found a runed translucent gate.
  4875 | D:6      | Found a runed translucent gate.
  4875 | D:6      | Found a runed translucent gate.
  4880 | D:6      | Noticed BlaiseRascal's ghost (amateur DsWz)
  5216 | D:6      | Found Lomu Yme's Weapon Boutique.
  5501 | D:7      | Reached XP level 9. HP: 75/75 MP: 8/8
  5690 | D:7      | Found Jowam's Gadget Shoppe.
  5739 | D:7      | Reached skill level 11 in Axes
  5776 | D:7      | Found a staircase to the Ecumenical Temple.
  5931 | D:7      | Noticed Prince Ribbit
  5944 | D:7      | Killed Prince Ribbit
  6412 | D:8      | Noticed Maurice
  6416 | D:8      | Paralysed by Maurice for 6 turns
  6420 | D:8      | Shot with an arrow by a centaur

Levels and vault maps discovered:
D:1:      dpeg_arrival_chase, layout_rooms, nrook_mini_vaults
D:2:      minmay_diamond_boxcup, layout_rooms, minitemple, uniq_sigmund
D:3:      layout_rooms, brannock_xom_greatest_gift
D:4:      layout_basic, gammafunk_temple_of_torment, elyvilon_altar_3,
          first_ration
D:5:      layout_basic, nicolae_ru_awakened_eye
D:6:      layout_cave_pods, gammafunk_ghost_split, serial_shops,
          nicolae_shop_crystal, lemuel_altar_in_water
D:7:      layout_basic, minmay_temple_entry_waves, serial_shops, shop,
          uniq_menkaure, uniq_prince_ribbit1
D:8:      nicolae_whirlpool, layout_basic, fedhas_bush_and_centaur_altar,
          uniq_maurice, uniq_psyche

Skill      XL: |  1  2  3  4  5  6  7  8  9 |
---------------+----------------------------+-----
Axes           | 4 6 7 8 10 11 | 11.6
Fighting       | 4 5 6 |  6.7
Armour         | 3 4 5 7 8 |  8.7
Dodging        | 3 |  3.4
Throwing       | 1 |  1.3
Maces & Flails | 1 |  1.3
Stealth        | 1 |  1.0

Action                   |  1- 3 |  4- 6 |  7- 9 || total
-------------------------+-------+-------+-------++-------
Melee: Hand axe          |    36 |    65 |       ||   101
       Headbutt          |     4 |    19 |    42 ||    65
       War axe           |       |    48 |   180 ||   228
       Morningstar       |       |       |     5 ||     5
 Fire: Hunting sling     |       |       |    11 ||    11
Throw: Boomerang         |     3 |     7 |       ||    10
Invok: Berserk           |     1 |     1 |     5 ||     7
       Trog's Hand       |       |     2 |     2 ||     4
  Use: Scroll            |       |     3 |     5 ||     8
  Eat: Chunk             |       |     8 |    10 ||    18
       Ration            |       |       |     2 ||     2
Armor: Leather armour    |     2 |    11 |       ||    13
       Ring mail         |       |    25 |       ||    25
       Chain mail        |       |    12 |    43 ||    55
       Plate armour      |       |       |    80 ||    80
Dodge: Dodged            |    24 |    73 |    78 ||   175
